 Dungeon Crawl Stone Soup version 0.24-a0-434-gd57e52fea8 (webtiles) character file.

Game seed: 13777199544167887057

101 Krouwed the Skirmisher (level 4, 0/41 HPs)
             Began as a Hill Orc Fighter on June 17, 2019.
             Succumbed to a killer bee's poison
             ... on level 4 of the Dungeon.
             The game lasted 00:08:26 (1672 turns).

Krouwed the Skirmisher (Hill Orc Fighter)           Turns: 1672, Time: 00:08:26

Health: 0/41       AC: 13    Str: 19    XL:     4   Next: 75%
Magic:  4/4        EV:  3    Int: 13    God:
Gold:   167        SH:  9    Dex: 10    Spells: 3/3 levels left

rFire    . . .     SeeInvis .   a - +0 war axe
rCold    . . .     Gourm    .   c - +0 shield
rNeg     . . .     Faith    .   l - +0 plate armour
rPois    .         Spirit   .   h - +0 helmet
rElec    .         Reflect  .   (no cloak)
rCorr    .         Harm     .   (no gloves)
MR       .....                  (no boots)
Stlth    ..........             (no amulet)
HPRegen  0.13/turn              (no ring)
MPRegen  0.09/turn              (no ring)

@: brilliant, lethally poisoned (0 -> -9), very slightly contaminated
A: no striking features
a: no special abilities


You were on level 4 of the Dungeon.
You were hungry.

You visited 1 branch of the dungeon, and saw 3 of its levels.

You collected 167 gold pieces.

Inventory:

Hand Weapons
 a - a +0 war axe (weapon)
Armour
 c - a +0 shield (worn)
 h - a +0 helmet (worn)
 l - a +0 plate armour (worn)
Scrolls
 m - a scroll of random uselessness {unknown}
 q - a scroll of amnesia {unknown}
Potions
 i - a potion of mutation
Comestibles
 f - 2 rations


   Skills:
 + Level 4.5 Fighting
 + Level 3.8 Axes
 + Level 4.0 Armour
 + Level 4.1 Shields


You had 3 spell levels left.
You didn't know any spells.
Your spell library was empty.

Dungeon Overview and Level Annotations

Branches:
Dungeon (2/15)

Altars:


Message History

The worker ant moves out of view.
You feel sick.
The killer bee stings you but does no damage.
The worker ant bites you but does no damage.
You block the killer bee's attack.
Found a stone staircase leading down.
You block the worker ant's attack. The killer bee stings you.
* * * LOW HITPOINT WARNING * * *
You are lethally poisoned!
The killer bee poisons you!
* * * LOW HITPOINT WARNING * * *
You feel sick. You block the killer bee's attack.
* * * LOW HITPOINT WARNING * * *
You feel sick. You block the killer bee's attack.
Really quaff the potion of mutation?
Okay, then.
As you read the scroll labeled OSE MOLLA OMUSH, it crumbles to dust.
The creatures around you are filled with an inner flame!
It was a scroll of immolation.
You die...

****** *,,,,* **
#....**################*,
#....,,................,,
#...>,,................,,
#....*########.########*,
#....*#.@...##.#S§§§y# *,
#....##y###.##.#y###y# *,
****#ay.##.....#.# #§# **
#S####..####Z# #§# *
#y..##..#.(S.# #§# *
###y##..#.#### #§# *
#yS..Z..# #y# * #########
*#S#*** *Zlo,,,


You could see a worker ant (inner flame), 3 killer bees and an adder (inner
flame).

Vanquished Creatures
  A worker ant (D:4)
  A worker ant zombie (D:2)
  A gnoll (D:2)
  An adder (D:4)
  An adder skeleton (D:4)
  2 worms
  2 leopard geckos
  5 bats
  3 giant cockroaches
  3 goblins
  4 hobgoblins
  4 jackals (D:1)
  3 kobolds
  2 frilled lizards
  4 rats (D:1)
37 creatures vanquished.

Notes
Turn   | Place    | Note
-------+----------+-------------------------------------------
     0 | D:1      | Krouwed the Hill Orc Fighter began the quest for the Orb.
     0 | D:1      | Reached XP level 1. HP: 19/19 MP: 1/1
   216 | D:1      | Reached XP level 2. HP: 27/27 MP: 2/2
   878 | D:2      | Reached XP level 3. HP: 33/33 MP: 3/3
  1524 | D:2      | Reached XP level 4. HP: 36/40 MP: 4/4
  1596 | D:2      | You fall into a shaft and drop 2 floors!
  1670 | D:4      | HP: 2/41 [poisoned by a killer bee]
  1672 | D:4      | Succumbed to a killer bee's poison

Levels and vault maps discovered:
D:1:      dpeg_arrival_erosion, layout_loops_ring
D:2:      layout_basic, grunt_ministairs_9, minmay_liquid_box
D:4:      layout_basic, uniq_eustachio

Skill      XL: |  1  2  3  4 |
---------------+-------------+-----
Axes           | 3 |  3.8
Fighting       | 4 |  4.5
Armour         | 4 |  4.0
Shields        | 4 |  4.1

Action                   |  1- 3 |  4- 6 || total
-------------------------+-------+-------++-------
Melee: War axe           |   140 |    25 ||   165
  Use: Scroll            |     2 |     4 ||     6
       Potion            |     1 |     1 ||     2
  Eat: Chunk             |     2 |       ||     2
Armor: Scale mail        |    72 |       ||    72
       Plate armour      |    26 |    22 ||    48
Dodge: Dodged            |    39 |     9 ||    48
Block: Shield            |    97 |    30 ||   127

Table legend:
 A = Non-vault XP
 B = Vault XP
 C = Vault XP percentage of total XP
 D = Non-vault monster count
 E = Vault monster count
 F = Vault count percentage of total count
                 A         B        C        D         E       F
            +---------+---------+-------+---------+---------+-------
      Total |     145 |       0 |   0.0 |      37 |       0 |   0.0
            +---------+---------+-------+---------+---------+-------
        D:1 |      38 |       0 |   0.0 |      20 |       0 |   0.0
        D:2 |      55 |       0 |   0.0 |      14 |       0 |   0.0
        D:4 |      52 |       0 |   0.0 |       3 |       0 |   0.0
            +---------+---------+-------+---------+---------+-------
